 Dungeon Crawl Stone Soup version 0.21.1-1-g345015f (webtiles) character file.

119 Kagorn the Shield-Bearer (level 5, -1/33 HPs)
             Began as a Gargoyle Fighter on June 8, 2018.
             Was an Initiate of Okawaru.
             Slain by Megalobster's ghost (13 damage)
             ... on level 3 of the Dungeon.
             The game lasted 00:10:42 (1871 turns).

Kagorn the Shield-Bearer (Gargoyle Fighter)         Turns: 1871, Time: 00:10:42

Health: -1/33      AC: 14    Str: 19    XL:     5   Next: 3%
Magic:  5/5        EV:  8    Int:  9    God:    Okawaru [......]
Gold:   70         SH:  9    Dex: 10    Spells: 4/4 levels left

rFire    . . .     SeeInvis .   n - +2 spear (venom)
rCold    . . .     Gourm    .   c - +0 shield
rNeg     + . .     Faith    .   g - +0 ring mail
rPois    ∞         Spirit   .   h - +2 helmet
rElec    +         Reflect  .   (no cloak)
rCorr    .         Harm     .   (no gloves)
MR       .....                  l - +0 pair of boots
Stlth    +.........             (no amulet)
HPRegen  0.11/turn              (no ring)
MPRegen  0.09/turn              (no ring)

@: no status effects
A: negative energy resistance 1, electricity resistance, unbreathing,
petrification resistance, rot immunity, AC +4
a: Renounce Religion


You were on level 3 of the Dungeon.
You worshipped Okawaru.
Okawaru was noncommittal.
You were not hungry.

You visited 1 branch of the dungeon, and saw 3 of its levels.

You collected 70 gold pieces.

Inventory:

Hand Weapons
 a - a +0 long sword
 n - a +2 spear of venom (weapon)
Armour
 b - a +0 scale mail
 c - a +0 shield (worn)
 g - a +0 ring mail (worn)
 h - a +2 helmet (worn)
 i - a +0 plate armour
 l - a +0 pair of boots (worn)
Scrolls
 e - 3 scrolls of remove curse {unknown}
 j - a scroll of amnesia {unknown}
 k - 3 scrolls of identify {unknown}
 p - a scroll of immolation {unknown}
 r - a scroll of enchant weapon {unknown}
Potions
 d - a potion of might
 m - a potion of resistance {unknown}
 o - a potion of cancellation {unknown}
 q - a potion of agility {unknown}
 s - a potion of heal wounds {unknown}
 t - 2 potions of brilliance {unknown}
 u - a potion of berserk rage {unknown}
 v - 2 potions of curing {unknown}
Comestibles
 f - 3 rations


   Skills:
 + Level 3.8 Fighting
 - Level 1.9 Long Blades
 * Level 1.8 Polearms
 + Level 3.8 Armour
 + Level 1.1 Dodging
 + Level 1.7 Stealth
 + Level 3.8 Shields


You had 4 spell levels left.
You didn't know any spells.

Dungeon Overview and Level Annotations

Branches:
Dungeon (3/15)

Altars:
Cheibriados
Elyvilon
Okawaru
Sif Muna

Annotations:
D:3 Megalobster's ghost, amateur MfBe


Innate Abilities, Weirdness & Mutations

You are resistant to torment.
Your stone body is resilient. (AC +4)
You are immune to poison.
You resist negative energy. (rN+)
You are resistant to electric shocks. (rElec)
You can survive without breathing.
You are immune to petrification.
You are immune to rotting.


Message History

You kill the gnoll!
Okawaru accepts your kill.
You have reached level 5!
You hit the dart slug.
The dart slug is poisoned.
The dart slug is severely wounded.
The dart slug launches a dart at you. The slug dart hits you!
You hit the dart slug.
You kill the dart slug!
Okawaru accepts your kill.
You hit Megalobster's ghost.
Megalobster's ghost is lightly damaged.
Megalobster's ghost hits you but does no damage.
You hit Megalobster's ghost.
Megalobster's ghost is lightly damaged.
Megalobster's ghost hits you!
You hit Megalobster's ghost but do no damage.
Megalobster's ghost is lightly damaged.
Megalobster's ghost hits you!
You die...

####
....
###..
$....
#..###
#...<#
#.##.#
#@# #W#
...
....%
.##.#.#
..
..#.#
##
###.# [


You could see Megalobster's ghost.

Vanquished Creatures
  A worker ant (D:2)
  3 gnolls (D:3)
  3 adders (D:2)
  An ooze (D:1)
  2 dart slugs
  A leopard gecko (D:2)
  4 bats
  A giant cockroach (D:1)
  8 goblins
  A frilled lizard (D:2)
  5 kobolds (D:1)
  6 rats
36 creatures vanquished.

Notes
Turn   | Place    | Note
-------+----------+-------------------------------------------
     0 | D:1      | Kagorn the Gargoyle Fighter began the quest for the Orb.
     0 | D:1      | Reached XP level 1. HP: 14/14 MP: 1/1
   208 | D:1      | Reached XP level 2. HP: 19/19 MP: 2/2
   763 | D:2      | Reached skill level 1 in Stealth
   763 | D:2      | Reached XP level 3. HP: 23/23 MP: 3/3
   788 | D:2      | Found an iron altar of Okawaru.
   790 | D:2      | Found a deep blue altar of Sif Muna.
   839 | D:2      | Found a white marble altar of Elyvilon.
   846 | D:2      | Reached skill level 1 in Polearms
   973 | D:2      | Reached XP level 4. HP: 28/28 MP: 4/4
  1425 | D:2      | Found a snail-covered altar of Cheibriados.
  1839 | D:2      | Became a worshipper of Warmaster Okawaru
  1851 | D:3      | Noticed Megalobster's ghost (amateur MfBe)
  1854 | D:3      | Reached skill level 1 in Dodging
  1866 | D:3      | Reached XP level 5. HP: 20/33 MP: 5/5
  1871 | D:3      | Slain by Megalobster's ghost

Skill      XL: |  1  2  3  4 |
---------------+-------------+-----
Stealth        | 1 |  1.7
Polearms       | 1 |  1.8
Dodging        | 1 |  1.1
Fighting       | |  3.8
Long Blades    | |  1.9
Armour         | |  3.8
Shields        | |  3.8

Action                   |  1- 3 |  4- 6 || total
-------------------------+-------+-------++-------
Melee: Long sword        |    23 |       ||    23
       Spear             |    34 |    46 ||    80
  Eat: Ration            |       |     1 ||     1
Armor: Ring mail         |    25 |    23 ||    48
       Scale mail        |     1 |       ||     1
Dodge: Dodged            |    18 |     7 ||    25
Block: Shield            |    25 |    21 ||    46
